 Dungeon Crawl Stone Soup version 0.31-a0-881-ge136f0c47a (webtiles) character file.

Game seed: 8740852010541435478

45 Arzdou the Ducker (level 3, -10/27 HPs)
             Began as a Merfolk Gladiator on Oct 15, 2023.
             Mangled by Crazy Yiuf
             ... wielding a +2 quarterstaff of chaos
              (11 damage)
             ... on level 2 of the Dungeon.
             The game lasted 00:01:49 (819 turns).

Arzdou the Ducker (Merfolk Gladiator)                Turns: 819, Time: 00:01:50

Health: -10/27     AC:  4    Str: 14    XL:     3   Next: 64%
Magic:  3/3        EV: 13    Int:  7    God:
Gold:   53         SH:  0    Dex: 17    Spells: 2/2 levels left

rFire   . . .        a - +0 long sword
rCold   . . .        (no shield)
rNeg    . . .        b - +0 leather armour
rPois   .            c - +0 helmet
rElec   .            (no cloak)
rCorr   .            (no gloves)
SInv    .            (no boots)
Will    .....        (no amulet)
Stlth   +            (no ring)
HPRegen 0.24/turn    (no ring)
MPRegen 0.08/turn

%: no passive effects
@: lethally poisoned (-10 -> -14)
A: (nimble swimmer 2), mertail
a: no special abilities


You were on level 2 of the Dungeon.
You visited 1 branch of the dungeon, and saw 2 of its levels.

You collected 53 gold pieces.

Inventory:

Hand Weapons
 a - a +0 long sword (weapon)
Missiles
 d - 3 throwing nets (quivered)
 e - a javelin
 k - 14 poisoned darts
Armour
 b - a +0 leather armour (worn)
 c - a +0 helmet (worn)
Jewellery
 m - a ring of poison resistance
Scrolls
 g - 2 scrolls of amnesia {unknown}
 h - 3 scrolls of teleportation {unknown}
 j - a scroll of noise {unknown}
 n - a scroll of revelation {unknown}
 o - a scroll of identify {unknown}
Potions
 f - a potion of attraction {unknown}
 i - a potion of heal wounds {unknown}
 l - a potion of curing {unknown}


   Skills:
 - Level 2.2 Fighting
 + Level 3.7(4.4) Short Blades
 - Level 3.6(4.4) Long Blades
 - Level 2.0 Throwing
 - Level 4.0 Dodging


You had 2 spell levels left.
You didn't know any spells.
Your spell library contained the following spells:

 Spells                   Type           Power      Damage    Failure   Level
 Sting                    Tmut/Pois      0%         1d3       52%         1
 Summon Small Mammal      Summ           0%         N/A       52%         1
 Lesser Beckoning         Tloc           0%         N/A       65%         2
 Poisonous Vapours        Pois/Air       0%         N/A       65%         2
 Gell's Gravitas          Tloc           0%         N/A       87%         3
 Teleport Other           Tloc           0%         N/A       87%         3
 Brom's Barrelling Bould  Conj/Erth      0%         2d3       99%         4
 Olgreb's Toxic Radiance  Pois           0%         N/A       99%         4
 Lee's Rapid Deconstruct  Erth           0%         3d4*      100%        5
 Dragon's Call            Summ           0%         N/A       100%        9


Dungeon Overview and Level Annotations

Branches:
Dungeon (2/15)

Altars:
Wu Jian

Annotations:
D:2 Crazy Yiuf


Innate Abilities, Weirdness & Mutations

((You are very nimble when in or above water. (Stealth+, EV+, Speed+++)))
Your lower body shifts to a powerful aquatic tail in water.


Message History

The hobgoblin misses you.
You completely miss the hobgoblin. The hobgoblin barely misses you. x2
You slash the hobgoblin!
You kill the hobgoblin!
No target in view!
No target in view!
No target in view!
No target in view!
No target in view!
No target in view!
Found an escape hatch in the ceiling.
There is an escape hatch in the ceiling here.
o - a scroll labelled UHIAHU WEYN
Found a hammer.
Found a runed translucent door.
Crazy Yiuf shouts!
Found a hammer.
Press: ? - help, v - describe, . - travel, g - get item Item here: a transparent hammer.
The floor.
You open the door.
Crazy Yiuf yells, "Aardvark!
Whippet shrimp snail."
You barely miss Crazy Yiuf.
Crazy Yiuf hits you with a +2 quarterstaff of chaos!
You are poisoned.
You slash Crazy Yiuf! You punch Crazy Yiuf, but do no damage.
Crazy Yiuf is heavily wounded.
You feel very sick. Crazy Yiuf barely misses you.
You hit Crazy Yiuf.
Crazy Yiuf is severely wounded.
You feel sick.
Crazy Yiuf hits you with a +2 quarterstaff of chaos!
* * * LOW HITPOINT WARNING * * *
You hit Crazy Yiuf.
Crazy Yiuf is severely wounded.
* * * LOW HITPOINT WARNING * * *
You feel sick.
Crazy Yiuf screams, "Paint!"
Crazy Yiuf hits you with a +2 quarterstaff of chaos!
You die...

####.#.#.####....#
#.#...# #....#
#.##### ♣....♣ #+#
♣♣.♣.♣ ♣♣.♣♣ ♣♣.♣
♣.♣♣ ♣♣.♣ ♣@♣♣ #g#
... #)..# #).)#
#####


You could see Crazy Yiuf.

Vanquished Creatures
  Robin (D:2)
  An adder (D:2)
  2 dart slugs (D:1)
  An endoplasm (D:1)
  7 goblins
  2 hobgoblins
  2 kobolds (D:1)
  2 bats (D:1)
  A frilled lizard (D:1)
  2 rats
21 creatures vanquished.

Notes
Turn   | Place    | Note
-------+----------+-------------------------------------------
     0 | D:1      | Arzdou the Merfolk Gladiator began the quest for the Orb.
     0 | D:1      | Reached XP level 1. HP: 16/16 MP: 1/1
   171 | D:1      | Reached skill level 1 in Short Blades
   179 | D:1      | Got a foxed book
   193 | D:1      | Reached XP level 2. HP: 22/22 MP: 2/2
   579 | D:2      | Noticed Robin
   608 | D:2      | Killed Robin
   609 | D:2      | Reached XP level 3. HP: 18/27 MP: 3/3
   680 | D:2      | Found an ornate altar of the Wu Jian Council.
   811 | D:2      | Found a runed translucent door.
   812 | D:2      | Noticed Crazy Yiuf
   819 | D:2      | HP: 1/27 [poisoned by Crazy Yiuf]
   819 | D:2      | Mangled by Crazy Yiuf

Illustrated notes

Levels and vault maps discovered:
D:1:      lightli_iron_boxes, layout_rooms, minmay_tromino_v2
D:2:      layout_loops_corners, basic_altar, uniq_crazy_yiuf_cottage, uniq_robin

Skill      XL: |  1  2 |
---------------+-------+-----
Short Blades   | 1 3 |  3.7
Fighting       | |  2.2
Long Blades    | |  3.6
Throwing       | |  2.0
Dodging        | |  4.0

Action                     || total
---------------------------++-------
  Melee: Long sword        ||    70
         Punch             ||     1
 Armour: Leather armour    ||    49
  Dodge: Dodged            ||    54

Table legend: (Time is in decaauts)
 A = Elapsed time spent in this place.
 B = Non-inter-level travel time spent in this place.
 C = Inter-level travel time spent in this place.
 D = Time resting spent in this place.
 E = Time spent auto-exploring this place.
 F = Levels seen in this place.
 G = Mean time per level.
                   A        B        C        D        E       F      G
               +--------+--------+--------+--------+--------+-----+--------+
         Total |    833 |    787 |     46 |      0 |    597 |   2 |  416.5 |
       Dungeon |    833 |    787 |     46 |      0 |    597 |   2 |  416.5 |
               +--------+--------+--------+--------+--------+-----+--------+

Top non-repeatable levels by time:
     D:1: 578 daAuts
     D:2: 255 daAuts
